 Dungeon Crawl Stone Soup version 0.24.0-2-g5b39cebb1c (webtiles) character file.

Game seed: 7593098895513119745, levelgen mode: deterministic

175 Mrkan the Skirmisher (level 5, -3/57 HPs)
             Began as an Ogre Berserker on Oct 29, 2019.
             Was a Believer of Trog.
             Killed by nerve-wracking pain
             ... invoked by an orc priest
              (10 damage)
             ... on level 3 of the Dungeon.
             The game lasted 00:04:05 (2838 turns).

Mrkan the Skirmisher (Ogre Berserker)               Turns: 2838, Time: 00:04:06

Health: -3/57      AC:  3    Str: 21    XL:     5   Next: 55%
Magic:  5/5        EV:  5    Int:  8    God:    Trog [**....]
Gold:   88         SH: 12    Dex:  9    Spells: 4/4 levels left

rFire    . . .     SeeInvis .   a - +0 mace
rCold    . . .     Gourm    .   o - +0 large shield
rNeg     . . .     Faith    .   b - +0 animal skin
rPois    .         Spirit   .   (helmet restricted)
rElec    .         Reflect  .   (no cloak)
rCorr    .         Harm     .   (gloves unavailable)
MR       .....                  (boots unavailable)
Stlth    +.........             (no amulet)
HPRegen  0.19/turn              (no ring)
MPRegen  0.09/turn              (no ring)

@: berserk cooldown, slowed, very slow
A: large, unfitting armour, tough skin 1
a: Berserk, Trog's Hand, Renounce Religion


You were on level 3 of the Dungeon.
You worshipped Trog.
Trog was pleased with you.
You were very hungry.

You visited 1 branch of the dungeon, and saw 3 of its levels.

You collected 88 gold pieces.

Inventory:

Hand Weapons
 a - a +0 mace (weapon)
Missiles
 n - 20 stones (quivered)
Armour
 b - a +0 animal skin (worn)
 o - a +0 large shield (worn)
Jewellery
 r - an uncursed amulet of the acrobat {unknown}
Wands
 k - a wand of flame (13)
Scrolls
 d - a scroll of blinking {unknown}
 i - 4 scrolls of identify {unknown}
 j - 2 scrolls of immolation {unknown}
 p - a scroll of random uselessness {unknown}
 s - 3 scrolls of enchant armour {unknown}
 t - a scroll of teleportation {unknown}
 u - a scroll of remove curse {unknown}
Potions
 e - 2 potions of brilliance {unknown}
 f - a potion of invisibility {unknown}
 g - a potion of curing
 h - a potion of cancellation {unknown}
 l - a potion of lignification {unknown}
 m - a potion of agility {unknown}
 v - a potion of berserk rage {unknown}
Comestibles
 c - 6 rations


   Skills:
 + Level 5.4 Fighting
 * Level 4.6 Maces & Flails
 - Level 2.6 Dodging
 + Level 1.1 Shields


You had 4 spell levels left.
You didn't know any spells.
Your spell library was empty.

Dungeon Overview and Level Annotations

Branches:
Dungeon (3/15)

Altars:

Annotations:
D:3 3 runed translucent doors, Mrkan's ghost, amateur HOFi


Innate Abilities, Weirdness & Mutations

You are too large for most types of armour.
You have tough skin. (AC +1)


Message History

You feel yourself slow down.
The orc priest hits you but does no damage.
You closely miss the orc priest. You block the orc priest's attack.
The orc priest casts a cantrip, but nothing happens.
You closely miss the orc priest.
Your skin stops crawling.
You feel less resistant to hostile enchantments.
You block the orc priest's attack. x2
You hit the orc priest but do no damage.
The orc priest hits you with a +0 club.
The orc priest begins to cast a cantrip, but forgets the words!
You hit the orc priest but do no damage.
The orc priest calls down the wrath of Beogh upon you.
Beogh smites you!
* * * LOW HITPOINT WARNING * * *
You block the orc priest's attack.
You hit the orc priest but do no damage.
The orc priest invokes the aid of Beogh against you.
Pain shoots through your body!
You die...

...... ###.##
###### #....
...... #...##
.#.#.. .....#
$.#...+. #..?.
W.....+. #..#
..#...+... #.#
.#.#..#..# #o#
......#..# #@#
#######..# #.#
.........# #.#
.######..# #.#
.....#...#######.#
[###.............#
.#####...#########
.........#
#######.##


You could see an orc priest.

Vanquished Creatures
  An orc priest (D:3)
  Jessica (D:2)
  An adder (D:2)
  3 oozes
  6 worms
  5 dart slugs
  3 leopard geckos
  2 orcs (D:3)
  6 bats
  3 giant cockroaches
  10 goblins
  5 hobgoblins
  2 jackals (D:2)
  9 kobolds
  2 frilled lizards
  10 rats
69 creatures vanquished.

Notes
Turn   | Place    | Note
-------+----------+-------------------------------------------
     0 | D:1      | Mrkan the Ogre Berserker began the quest for the Orb.
     0 | D:1      | Reached XP level 1. HP: 24/24 MP: 1/1
   118 | D:1      | Reached XP level 2. HP: 30/32 MP: 2/2
   486 | D:1      | Reached XP level 3. HP: 40/40 MP: 3/3
  1267 | D:2      | Reached XP level 4. HP: 29/49 MP: 4/4
  1554 | D:2      | Reached skill level 5 in Fighting
  2105 | D:2      | Reached ** piety under Trog
  2427 | D:2      | Noticed Jessica
  2442 | D:2      | Killed Jessica
  2442 | D:2      | Reached XP level 5. HP: 32/57 MP: 5/5
  2763 | D:3      | Noticed Mrkan's ghost (amateur HOFi)
  2772 | D:3      | Found a runed translucent gate.
  2772 | D:3      | Found a runed translucent gate.
  2773 | D:3      | Found a runed translucent gate.
  2824 | D:3      | Reached skill level 1 in Shields
  2838 | D:3      | Killed from afar by an orc priest

Levels and vault maps discovered:
D:1:      saegor_arrival_simple_b, layout_basic, st_stairs_2,
          minmay_heptomino_d4
D:2:      layout_basic, first_ration, uniq_jessica
D:3:      layout_loops_corners, evilmike_ruin_ashenzari,
          chequers_ecumenical_altar_simple, gammafunk_ghost_split

Skill      XL: |  1  2  3  4  5 |
---------------+----------------+-----
Maces & Flails | 3 4 |  4.6
Fighting       | 5 |  5.4
Shields        | 1 |  1.1
Dodging        | |  2.6

Action                   |  1- 3 |  4- 6 || total
-------------------------+-------+-------++-------
Melee: Mace              |   106 |   123 ||   229
Invok: Berserk           |     1 |     2 ||     3
       Trog's Hand       |       |     1 ||     1
  Use: Potion            |       |     1 ||     1
  Eat: Chunk             |     1 |     7 ||     8
Armor: Animal skin       |    42 |    26 ||    68
Dodge: Dodged            |    93 |    24 ||   117
Block: Large shield      |       |    62 ||    62
